 Dungeon Crawl Stone Soup version 0.21.1-1-g345015f (webtiles) character file.

522 diana the Skirmisher (level 7, -1/62 HPs)
             Began as a Minotaur Fighter on June 8, 2018.
             Slain by Pikel
             ... wielding a +1 whip of electrocution
              (7 damage)
             ... on level 4 of the Dungeon.
             The game lasted 00:03:18 (3093 turns).

diana the Skirmisher (Minotaur Fighter)             Turns: 3093, Time: 00:03:18

Health: -1/62      AC:  7    Str: 21    XL:     7   Next: 2%
Magic:  6/6        EV:  7    Int:  5    God:
Gold:   240        SH: 10    Dex: 11    Spells: 6/6 levels left

rFire    . . .     SeeInvis .   a - +0 war axe
rCold    . . .     Gourm    .   c - +0 shield
rNeg     . . .     Faith    .   b - +0 scale mail
rPois    .         Spirit   .   (helmet restricted)
rElec    .         Reflect  .   (no cloak)
rCorr    .         Harm     .   (no gloves)
MR       .....                  (no boots)
Stlth    ..........             (no amulet)
HPRegen  0.20/turn              (no ring)
MPRegen  0.10/turn              (no ring)

@: drained
A: retaliatory headbutt, horns 2
a: no special abilities


You were on level 4 of the Dungeon.
You were very hungry.

You visited 1 branch of the dungeon, and saw 4 of its levels.

You collected 240 gold pieces.

Inventory:

Hand Weapons
 a - a +0 war axe (weapon)
Armour
 b - a +0 scale mail (worn)
 c - a +0 shield (worn)
Scrolls
 g - 4 scrolls of teleportation {unknown}
 h - 2 scrolls of magic mapping {unknown}
 j - 3 scrolls of remove curse {unknown}
 l - 2 scrolls of identify {unknown}
Potions
 d - 2 potions of heal wounds {unknown}
 e - 2 potions of flight
 i - a potion of curing {unknown}
 k - a potion of mutation {unknown}
 n - a potion of invisibility {unknown}
Comestibles
 f - 8 rations


   Skills:
 + Level 5.7(5.5) Fighting
 + Level 5.0(4.8) Axes
 + Level 5.7(5.5) Armour
 + Level 5.6(5.4) Shields


You had 6 spell levels left.
You didn't know any spells.

Dungeon Overview and Level Annotations

Branches:
Dungeon (4/15)
 Temple: D:4-7

Altars:
Dithmenos
Makhleb

Annotations:
D:3 2 transporters
D:4 Pikel


Innate Abilities, Weirdness & Mutations

You reflexively headbutt those who attack you in melee.
You have a pair of horns on your head.


Message History

Pikel is heavily wounded.
You closely miss the slave. You hit the slave.
The slave hits you but does no damage. You block the slave's attack.
You block Pikel's attack. The slave barely misses you. You furiously retaliate!
You headbutt the slave. You slash Pikel! Your headbutt misses Pikel.
Pikel is severely wounded.
You completely miss the slave. You hit the slave. You block the slave's attack.
Pikel hits you with a whip of electrocution.
You are electrocuted!
You block the slave's attack. x2
You barely miss Pikel.
Pikel is severely wounded.
You closely miss the slave. You hit the slave.
Pikel hits you with a whip of electrocution.
You are electrocuted!
The slave hits you!
* * * LOW HITPOINT WARNING * * *
The slave hits you!
* * * LOW HITPOINT WARNING * * *
Pikel hits you with a whip of electrocution!
You die...

#.## #.#..#.†
#..###.#..#..
##.....#.##..
###.....#...
##..###.#... . ..
#..######### .....
#.##.##.....
.....########.....#.....
.....pK@......##...#....
.....ppp#...#.......#...
#######........#.....#..
#....#.....####.##
#.<#.....### #..#
#...###....#####..
##.#.# #.##....###.
#..#.###.##........
#.##.K.#.####..###.


You could see Pikel and 4 slaves.

Vanquished Creatures
  An orc warrior (D:3)
  An ogre (D:4)
  A hound (D:4)
  An orc priest (D:4)
  Crazy Yiuf (D:2)
  2 orc wizards
  7 adders
  3 gnolls (D:2)
  An ooze (D:1)
  An adder skeleton (D:4)
  4 worms
  A leopard gecko (D:4)
  9 orcs
  3 ball pythons
  2 giant cockroaches (D:1)
  5 goblins
  10 hobgoblins
  7 jackals
  3 quokkas (D:3)
  5 bats
  3 frilled lizards
  A jackal skeleton (D:4)
  7 kobolds
  5 rats
84 creatures vanquished.

Notes
Turn   | Place    | Note
-------+----------+-------------------------------------------
     0 | D:1      | diana the Minotaur Fighter began the quest for the Orb.
     0 | D:1      | Reached XP level 1. HP: 19/19 MP: 0/0
   127 | D:1      | Reached XP level 2. HP: 27/27 MP: 1/1
   439 | D:1      | Reached XP level 3. HP: 33/33 MP: 2/2
   781 | D:2      | Reached XP level 4. HP: 33/40 MP: 3/3
   896 | D:2      | You fall through a shaft for 2 floors!
   962 | D:4      | Noticed an ogre
   968 | D:4      | Killed an ogre
   968 | D:4      | Reached XP level 5. HP: 16/47 MP: 4/4
  1184 | D:4      | Reached skill level 5 in Fighting
  1184 | D:4      | Reached skill level 5 in Armour
  1184 | D:4      | Reached skill level 5 in Shields
  1190 | D:4      | Reached XP level 6. HP: 13/56 MP: 5/5
  1502 | D:4      | Noticed Pikel
  1503 | D:4      | Noticed a slave
  1503 | D:4      | Noticed a slave
  1503 | D:4      | Noticed a slave
  1503 | D:4      | Noticed a slave
  1636 | D:3      | Found a burning altar of Makhleb.
  1637 | D:3      | Found a shadowy altar of Dithmenos.
  1640 | D:3      | Noticed a two-headed ogre
  1803 | D:3      | Found a transporter.
  1811 | D:3      | Found a transporter.
  1909 | D:3      | Noticed an orc warrior
  1922 | D:3      | Killed an orc warrior
  2349 | D:3      | Reached skill level 5 in Axes
  2810 | D:2      | Found a runed door.
  2993 | D:2      | Noticed Crazy Yiuf
  2996 | D:2      | Killed Crazy Yiuf
  2996 | D:2      | Reached XP level 7. HP: 53/62 MP: 6/6
  3093 | D:4      | Slain by Pikel

Skill      XL: |  1  2  3  4  5  6 |
---------------+-------------------+-----
Armour         | 4 5 |  5.7
Fighting       | 4 5 |  5.7
Shields        | 4 5 |  5.6
Axes           | 3 4 5 |  5.0

Action                   |  1- 3 |  4- 6 |  7- 9 || total
-------------------------+-------+-------+-------++-------
Melee: War axe           |    76 |   139 |     7 ||   222
       Headbutt          |    12 |    26 |       ||    38
  Use: Potion            |       |     4 |       ||     4
  Eat: Chunk             |       |     6 |       ||     6
Armor: Scale mail        |    30 |    57 |     4 ||    91
Dodge: Dodged            |    31 |    39 |     3 ||    73
Block: Shield            |    37 |    87 |     9 ||   133
